 Dungeon Crawl Stone Soup version 0.32-a0-841-g4648e6c457 (webtiles) character file.

Game seed: 7450563482483513652

217 Fodor the Chopper (level 5, 0/70 HPs)
             Began as a Minotaur Fighter on Mar 26, 2024.
             Succumbed to a killer bee's poison
             ... on level 4 of the Dungeon.
             The game lasted 00:04:59 (1971 turns).

Fodor the Chopper (Minotaur Fighter)                Turns: 1971, Time: 00:04:59

Health: 0/70       AC: 22    Str: 22    XL:     5   Next: 61%
Magic:  4/4        EV:  2    Int:  5    God:
Gold:   169        SH:  4    Dex: 10    Spells: 4/4 levels left

rFire   . . .        a - +0 war axe
rCold   . . .        c - +0 buckler
rNeg    . . .        n - melded +0 chain mail
rPois   +            (helmet currently unavailable)
rElec   .            (cloak currently unavailable)
rCorr   .            (gloves currently unavailable)
SInv    .            (boots currently unavailable)
Will    .....        (no amulet)
Stlth   +            (no ring)
HPRegen 0.31/turn    (no ring)
MPRegen 0.09/turn

%: no passive effects
@: lethally poisoned (0 -> -22), tree-form
A: stationary, stasis, torment immunity, boosted hp, (horns 2), (retaliatory
headbutt)
a: no special abilities


You were on level 4 of the Dungeon.
You were a tree.
You visited 1 branch of the dungeon, and saw 5 of its levels.

You collected 169 gold pieces.

Inventory:

Hand Weapons
 a - a +0 war axe (weapon)
Armour
 c - a +0 buckler (worn)
 n - a +0 chain mail (melded)
Scrolls
 g - 2 scrolls of brand weapon {unknown}
 h - 3 scrolls of vulnerability {unknown}
 i - 2 scrolls of identify {unknown}
 j - a scroll of silence {unknown}
 k - 2 scrolls of enchant armour {unknown}
 l - 2 scrolls of poison {unknown}
Potions
 d - a potion of might
 e - a potion of invisibility {unknown}
 f - 3 potions of curing {unknown}
 m - a potion of lignification


   Skills:
 + Level 4.5 Fighting
 + Level 5.2 Axes
 + Level 4.6 Armour
 + Level 1.1 Dodging
 + Level 4.2 Shields


You had 4 spell levels left.
You didn't know any spells.
Your spell library contained the following spells:

 Spells                   Type           Power      Damage    Failure   Level
 Ensorcelled Hibernation  Hex/Ice        0%         N/A       67%         2
 Passwall                 Erth           0%         N/A       88%         3
 Swiftness                Air            0%         N/A       88%         3


Dungeon Overview and Level Annotations

Branches:
Dungeon (5/15)
 Temple: D:4-7

Altars:

Shops:
D:1 [


Innate Abilities, Weirdness & Mutations

You are a tree.
Your roots penetrate the ground, keeping you stationary.
You cannot be teleported.
You are immune to unholy pain and torment.
Your maximum health is greatly increased.
Your equipment is partially melded.
((You have a pair of horns on your head.))
((You reflexively headbutt those who attack you in melee.))


Message History

You miss the killer bee. You hit the gnoll. The killer bee barely misses you.
You furiously retaliate!
You headbutt the killer bee!
The killer bee stings you but does no damage.
The killer bee stings you.
You are poisoned.
The killer bee poisons you! The killer bee barely misses you.
You furiously retaliate!
You headbutt the killer bee.
The killer bee stings you but does no damage.
The killer bee stings you!
You are more poisoned.
The killer bee poisons you! You block the gnoll's attack.
The killer bee stings you but does no damage.
The killer bee stings you. The killer bee barely misses you.
The gnoll hits you but does no damage.
You miss the killer bee.
The killer bee is heavily wounded.
You barely miss the gnoll. You closely miss the killer bee. x2
You feel very sick. The killer bee stings you.
The killer bee stings you but does no damage.
The killer bee stings you. x2
* * * LOW HITPOINT WARNING * * *
You block the killer bee's attack. The killer bee stings you.
* * * LOW HITPOINT WARNING * * *
You are more poisoned.
The killer bee poisons you! The gnoll hits you but does no damage.
* * * LOW HITPOINT WARNING * * *
You feel very sick.
The killer bee attacks as it pursues you!
The killer bee stings you.
* * * LOW HITPOINT WARNING * * *
You are more poisoned.
The killer bee poisons you! The killer bee closely misses you.
The killer bee stings you but does no damage. x2
There is a stone staircase leading down here.
Unknown command.
It was a potion of lignification.
You turn into a tree.
Your +0 chain mail melds into your body.
Your roots penetrate the ground.
You die...

#. #. ## #. ..
#.#### .#
#....#..# #####
#...#..##
......##.g.....#
#.).)y♣....#
####.yy....#
#.......#
#.......#
#.......#
#.......#
..........
###########


You could see 3 killer bees and a gnoll.

Vanquished Creatures
  Pargi (D:3)
  3 gnolls (D:4)
  2 adders
  A white imp (D:3)
  3 ribbon worms (D:2)
  An orc (D:3)
  9 bats
  3 endoplasms
  3 giant cockroaches
  8 goblins
  4 hobgoblins
  A quokka (D:2)
  5 ball pythons
  4 frilled lizards
  4 kobolds
  8 rats
60 creatures vanquished.

Notes
Turn   | Place    | Note
-------+----------+-------------------------------------------
     0 | D:1      | Fodor the Minotaur Fighter began the quest for the Orb.
     0 | D:1      | Reached XP level 1. HP: 19/19 MP: 0/0
   174 | D:1      | Reached XP level 2. HP: 17/27 MP: 1/1
   233 | D:1      | Found a faded altar of an unknown god.
   431 | D:1      | Found Naxov's Armour Emporium.
   982 | D:2      | Reached skill level 3 in Axes
   982 | D:2      | Reached XP level 3. HP: 32/33 MP: 2/2
  1670 | D:3      | Noticed Pargi
  1679 | D:3      | Killed Pargi
  1680 | D:3      | Reached skill level 4 in Axes
  1680 | D:3      | Reached XP level 4. HP: 33/41 MP: 3/3
  1680 | D:3      | Reached XP level 5. HP: 38/47 MP: 4/4
  1913 | D:3      | Reached skill level 1 in Dodging
  1941 | D:3      | You fall into a shaft and drop 2 floors!
  1941 | D:5      | Entered Level 5 of the Dungeon
  1957 | D:4      | Reached skill level 5 in Axes
  1971 | D:4      | Succumbed to a killer bee's poison

Illustrated notes

Levels and vault maps discovered:
D:1:      onia_arrival_pyramid, layout_basic, serial_shops, shop,
          ebering_ecumenical_altar_petrified, kennysheep_another_room,
          serial_bayou_pond_e, minmay_bisected
D:2:      layout_basic
D:3:      layout_basic, uniq_pargi
D:4:      layout_rooms, fiery_altar_vehumet, amcnicky_altar_gilded,
          enter_ossuary_1, bh_walls_and_bars, uniq_sigmund
D:5:      layout_layer_cave, nicolae_ru_the_path_less_chosen,
          minmay_temple_entry_glass, uniq_menkaure

Skill      XL: |  1  2  3  4  5 |
---------------+----------------+-----
Fighting       | 4 |  4.5
Armour         | 4 |  4.6
Shields        | 4 |  4.2
Axes           | 3 4 5 |  5.2
Dodging        | 1 |  1.1

Action                     |  1- 3 |  4- 6 || total
---------------------------+-------+-------++-------
  Melee: War axe           |   103 |    38 ||   141
         Headbutt          |    13 |     8 ||    21
    Use: Potion            |       |     1 ||     1
 Armour: Scale mail        |   106 |     1 ||   107
         Chain mail        |       |    43 ||    43
  Dodge: Dodged            |    60 |    21 ||    81
  Block: Buckler           |    26 |     9 ||    35

Table legend: (Time is in decaauts)
 A = Elapsed time spent in this place.
 B = Non-inter-level travel time spent in this place.
 C = Inter-level travel time spent in this place.
 D = Time resting spent in this place.
 E = Time spent auto-exploring this place.
 F = Levels seen in this place.
 G = Mean time per level.
                   A        B        C        D        E       F      G
               +--------+--------+--------+--------+--------+-----+--------+
         Total |   2022 |   1957 |     65 |      0 |   1263 |   5 |  404.4 |
       Dungeon |   2022 |   1957 |     65 |      0 |   1263 |   5 |  404.4 |
               +--------+--------+--------+--------+--------+-----+--------+

Top non-repeatable levels by time:
     D:1: 994 daAuts
     D:2: 651 daAuts
     D:3: 344 daAuts
     D:4: 23 daAuts
     D:5: 8 daAuts
